 Dungeon Crawl Stone Soup version 0.26-a0-651-gb41185065b (webtiles) character file.

Game seed: 6229940754534075941

403 Lanoc the Poker (level 6, -2/53 HPs)
             Began as a Minotaur Warper on Oct 10, 2020.
             Was an Initiate of Cheibriados.
             Slain by a crocodile (9 damage)
             ... on level 4 of the Dungeon.
             The game lasted 00:03:56 (2736 turns).

Lanoc the Poker (Minotaur Warper)                   Turns: 2736, Time: 00:03:56

Health: -2/53      AC:  7    Str: 16    XL:     6   Next: 55%
Magic:  7/7        EV: 13    Int: 11    God:    Cheibriados [......]
Gold:   102        SH:  0    Dex: 13    Spells: 5/7 levels left

rFire    . . .     SeeInvis .   g - +0 trident
rCold    . . .     Faith    .   (no shield)
rNeg     + . .     Spirit   .   b - +0 leather armour
rPois    .         Reflect  .   (helmet restricted)
rElec    .         Harm     .   (no cloak)
rCorr    .         Rampage  .   (no gloves)
MR       .....                  (no boots)
Stlth    +.........             (no amulet)
HPRegen  0.17/turn              k - ring of positive energy
MPRegen  0.10/turn              m - +4 ring of protection

@: very slow
A: retaliatory headbutt, horns 2
a: Bend Time, Renounce Religion


You were on level 4 of the Dungeon.
You worshipped Cheibriados.
Cheibriados was noncommittal.
You visited 2 branches of the dungeon, and saw 5 of its levels.

You collected 102 gold pieces.

Inventory:

Hand Weapons
 g - a +0 trident (weapon)
Missiles
 e - 5 boomerangs of dispersal (quivered)
Armour
 b - a +0 leather armour (worn)
Jewellery
 k - a ring of positive energy (left hand)
 m - a +4 ring of protection (right hand)
Scrolls
 a - a scroll of fear {unknown}
 c - a scroll of identify {unknown}
 d - 3 scrolls of blinking
 f - 4 scrolls of teleportation {unknown}
 h - 4 scrolls of remove curse {unknown}
 j - 3 scrolls of fog {unknown}
Potions
 i - a potion of haste {unknown}
 l - a potion of invisibility {unknown}
 n - a potion of mutation {unknown}
 o - 2 potions of brilliance {unknown}


   Skills:
 + Level 4.4 Fighting
 * Level 5.8 Polearms
 - Level 1.0 Throwing
 - Level 1.2 Armour
 + Level 4.0 Dodging
 - Level 1.3 Spellcasting
 + Level 2.9 Translocations


You had 5 spell levels left.
You knew the following spells:

 Your Spells              Type           Power        Failure   Level
a - Blink                 Tloc           N/A          17%         2

Your spell library contained the following spells:

 Spells                   Type           Power        Failure   Level
 Gell's Gravitas          Tloc           #.........   34%         3
 Lesser Beckoning         Tloc           #.........   34%         3
 Teleport Other           Tloc           #.......     34%         3
 Pain                     Necr           #...         36%         1
 Sting                    Tmut/Pois      #...         36%         1
 Ignite Poison            Fire/Tmut/Pois #.......     75%         3
 Vampiric Draining        Necr           #.........   75%         3
 Passage of Golubria      Tloc           N/A          75%         4
 Petrify                  Tmut/Erth      #.......     98%         4
 Dragon Form              Tmut           #.........   100%        7


Dungeon Overview and Level Annotations

Branches:
Dungeon (4/15)             Temple (1/1) D:4

Altars:
Ashenzari
Cheibriados
Dithmenos
Fedhas
Gozag
Hepliaklqana
Makhleb
Qazlal
Ru
Vehumet
Wu Jian
Zin
The Shining One


Innate Abilities, Weirdness & Mutations

You reflexively headbutt those who attack you in melee.
You have a pair of horns on your head.


Message History

The crocodile is heavily wounded.
The crocodile barely misses you.
You hit the crocodile. You headbutt the crocodile.
The crocodile is severely wounded.
The crocodile bites you!
You are too injured to fight recklessly!
You are too injured to fight recklessly!
You puncture the crocodile!
The crocodile is almost dead.
The crocodile bites you!
* * * LOW HITPOINT WARNING * * *
You closely miss the crocodile.
You headbutt the crocodile, but do no damage.
The crocodile is almost dead.
The crocodile bites you!
* * * LOW HITPOINT WARNING * * *
You hit the crocodile.
The crocodile is almost dead.
The crocodile bites you!
You die...

####.##### .......
#>........ .....######
##.##.# #.# #.....<..
##.#.#.# #.# #.......#
##.###..# #.# ##.......#
##.##
##.###.#####.#........# #.##
##.##.......#......... ##.##
##....t........).>.[...
##.###†.#.#@#######.........
##.#.#.#.#.# #.........
##.##.#.#.# ###.#.#.#.
####.#.#.# #.#.#.#. #.#.#.##
#.#.#.#.
#.#..#.########...#.#.
#.#.###......######.#.
#.##.#.#####.# #...##
#.###........# #.####


You could see a crocodile.

Vanquished Creatures
  A scorpion (D:4)
  2 howler monkeys (D:4)
  An orc priest (D:4)
  An iguana (D:4)
  2 orc wizards (D:4)
  2 worker ants
  3 adders
  2 white imps (D:4)
  3 oozes
  A dart slug (D:3)
  A leopard gecko (D:3)
  5 orcs
  4 giant cockroaches
  7 goblins
  4 hobgoblins
  8 jackals
  3 quokkas
  5 bats
  A frilled lizard (D:3)
  A jackal skeleton (D:4)
  A kobold (D:3)
  A quokka skeleton (D:4)
  5 rats
64 creatures vanquished.

Notes
Turn   | Place    | Note
-------+----------+-------------------------------------------
     0 | D:1      | Lanoc the Minotaur Warper began the quest for the Orb.
     0 | D:1      | Reached XP level 1. HP: 18/18 MP: 1/1
   130 | D:1      | Reached XP level 2. HP: 12/25 MP: 3/3
   132 | D:1      | Reached skill level 3 in Polearms
   682 | D:3      | Reached XP level 3. HP: 30/30 MP: 4/4
   726 | D:3      | Learned a level 2 spell: Blink
  1039 | D:3      | Reached skill level 4 in Polearms
  1040 | D:3      | Found a radiant altar of Vehumet.
  1309 | D:4      | Reached XP level 4. HP: 38/38 MP: 5/5
  1357 | D:3      | Reached XP level 5. HP: 5/46 MP: 6/6
  1624 | D:4      | Reached skill level 5 in Polearms
  1953 | D:4      | Reached XP level 6. HP: 41/52 MP: 7/7
  2190 | D:4      | Found a staircase to the Ecumenical Temple.
  2200 | D:4      | Identified the Incunabulum of Mutagenic Unholy Secrets
  2207 | Temple   | Entered the Ecumenical Temple
  2439 | Temple   | Became a worshipper of Cheibriados the Contemplative
  2736 | D:4      | Slain by a crocodile

Illustrated notes

Levels and vault maps discovered:
D:1:      dpeg_arrival_stone_temple_mockup, layout_rooms, hex_medium
D:2:      layout_rooms, nicolae_overflow_hidden_temple, lemuel_round_altar,
          minitemple, corexii_leaking_fountain, kennysheep_generic_room_4
D:3:      layout_rooms, lemuel_statue_altar
D:4:      layout_loops_ring, marbit_many_paths, kennysheep_little_box,
          minmay_temple_entry_crystal_x
Temple:   oiseaux_autumnal_temple

Skill      XL: |  1  2  3  4  5  6 |
---------------+-------------------+-----
Polearms       | 3 4 5 |  5.8
Fighting       | 3 4 |  4.4
Dodging        | 3 4 |  4.0
Throwing       | |  1.0
Armour         | |  1.2
Spellcasting   | |  1.3
Translocations | |  2.9

Action                   |  1- 3 |  4- 6 || total
-------------------------+-------+-------++-------
Melee: Spear             |   116 |   111 ||   227
       Headbutt          |     9 |    25 ||    34
       Trident           |       |    21 ||    21
  Use: Potion            |       |     1 ||     1
 Stab: Sleeping          |       |     1 ||     1
Armor: Leather armour    |    21 |    10 ||    31
Dodge: Dodged            |    71 |    67 ||   138

Table legend: (Time is in decaauts)
 A = Elapsed time spent in this place.
 B = Non-inter-level travel time spent in this place.
 C = Inter-level travel time spent in this place.
 D = Time resting spent in this place.
 E = Time spent auto-exploring this place.
 F = Levels seen in this place.
 G = Mean time per level.
                   A        B        C        D        E       F      G
               +--------+--------+--------+--------+--------+-----+--------+
         Total |   2776 |   2690 |     86 |    186 |   2063 |   5 |  555.2 |
       Dungeon |   2497 |   2449 |     48 |    186 |   1846 |   4 |  624.2 |
        Temple |    279 |    241 |     38 |      0 |    217 |   1 |  279.0 |
               +--------+--------+--------+--------+--------+-----+--------+

Top non-repeatable levels by time:
     D:3: 1066 daAuts
     D:4: 1002 daAuts
     D:1: 390 daAuts
  Temple: 279 daAuts
     D:2: 37 daAuts
